[Event "Asian Zonal 3.2 Women 2019"]
[Site "Dhaka"]
[Date "2019.03.23"]
[Round "9.10"]
[White "Ranasinghe, S D"]
[Black "Parveen, Seyda Shabana"]
[Result "1-0"]
[ECO "A15"]
[WhiteElo "1829"]
[BlackElo "2073"]
[Annotator "NA RC"]
[PlyCount "111"]
[EventDate "2019.03.14"]
[EventType "swiss"]
[EventCountry "BAN"]
[SourceTitle "playchess.com"]
[Source "ChessBase"]
[SourceQuality "1"]
[TimeControl "5400+30"]

1. Nf3 Nf6 2. e3 g6 3. c4 d6 4. b4 Bg7 5. Bb2 e5 6. d4 {[%emt 0:00:27] A15: English Opening: 1...Nf6} exd4 7. Nxd4 {[%emt 0:01:06] LiveBook: 4 Games} O-O 8. Nb3 (8. Be2 a5 9. b5 a4 10. O-O Re8 11. a3 Nbd7 12. Nc3 Nc5 13. h3 Bd7 14. Bf3 Rf8 15. Rb1 h5 16. Ba1 Nh7 17. Qc2 Re8 18. Bd5 Nf6 19. Bf3 {½-½ (19) Kural,A (2380)-Ljubicic,L (2592) ICCF email 2016}) 8... Re8 (8... a5 $5) 9. Be2 Nc6 10. a3 $146 ({Predecessor:} 10. b5 Ne5 11. Nc3 Be6 12. Nd5 Ne4 13. Qc2 f5 {1-0 (25) Pietrzak,J-Rosikiewicz,W Poland 1991}) 10... h5 11. O-O Bf5 12. N1d2 Qe7 13. Bf3 Bg4 14. Rc1 Ne5 15. Bxg4 hxg4 16. Nb1 Kh7 17. c5 Rad8 18. Qe2 Rh8 19. cxd6 cxd6 20. N1d2 Kg8 21. Bxe5 (21. Rc2 $11) 21... Qxe5 22. f4 Qh5 (22... gxf3 $15 23. Nxf3 Qe7) 23. g3 Re8 24. Rf2 g5 25. Qd3 gxf4 26. exf4 d5 27. Nf1 (27. Rc7 $16) 27... Ne4 28. Rfc2 Bf6 29. Nc5 b6 30. Nxe4 dxe4 31. Qd7 (31. Qe3 $11) 31... Kg7 (31... Rd8 $17 32. Qb7 Kg7) 32. Ne3 Re6 33. Qd1 Rd8 34. Qxg4+ Qxg4 35. Nxg4 Bd4+ 36. Kf1 e3 $2 ({Black should try} 36... f5 $14 37. Rc7+ Kf8) 37. Ke2 f5 38. Rc7+ Kg6 39. R1c6 Rdd6 40. Rxd6 Rxd6 41. Ne5+ Bxe5 42. fxe5 Re6 43. Kxe3 Rxe5+ 44. Kf3 Rd5 45. Rxa7 Rd3+ 46. Kf4 Rd2 47. Ra6 Rf2+ 48. Ke3 Rxh2 49. Rxb6+ Kg5 50. Rb8 Ra2 51. Rg8+ (51. Ra8 $142 Kf6 52. Kd4) 51... Kf6 52. Ra8 Rb2 53. Rd8 Kg5 $18 (53... Rg2 54. Rf8+ Ke5) 54. Rd3 Kg4 55. Kd4 Rg2 56. b5 1-0

[Event "Asian Zonal 3.2 Women 2019"]
[Site "Dhaka"]
[Date "2019.03.23"]
[Round "9.12"]
[White "Jannatul, Ferdous"]
[Black "Noshin, Anjum"]
[Result "1-0"]
[ECO "C56"]
[WhiteElo "1704"]
[BlackElo "1722"]
[Annotator "NA RC"]
[PlyCount "107"]
[EventDate "2019.03.14"]
[EventType "swiss"]
[EventCountry "BAN"]
[SourceTitle "playchess.com"]
[Source "ChessBase"]
[SourceQuality "1"]
[TimeControl "5400+30"]

1. e4 e5 2. Nf3 Nc6 3. d4 exd4 4. Bc4 Nf6 5. Ng5 Ne5 6. Qxd4 Qe7 7. O-O Qc5 8. Qxc5 Bxc5 9. Bd3 h6 10. Nh3 d5 11. exd5 Nxd3 12. cxd3 Bxh3 13. gxh3 O-O-O 14. Be3 Bxe3 15. fxe3 Rxd5 16. d4 Re8 17. Nc3 Rg5+ 18. Kf2 Rh5 19. Rg1 Rxh3 20. Rxg7 Rexe3 21. Rc1 Re7 22. Rg2 Rd3 23. Nb5 a6 24. Nd6+ Kb8 25. Nf5 Rd2+ 26. Kf3 Rxg2 27. Kxg2 Re2+ 28. Kg1 h5 29. Rb1 Ng4 30. h3 Ne3 31. Nh4 Nc4 32. b3 Nd6 33. a4 Re3 34. Kg2 Rd3 35. Nf3 f6 36. Kf2 Nf5 37. Ke2 Re3+ 38. Kf2 Re4 39. Rd1 Kc8 40. Rd3 Kd7 41. d5 Kd6 42. Rc3 Nh4 43. Nd2 Rd4 44. Nc4+ Kxd5 45. Ne3+ Kd6 46. Kg3 Kd7 47. Rc5 Rd3 48. Rd5+ Rxd5 49. Nxd5 Nf5+ 50. Kf4 Ng7 51. Nxf6+ Ke7 52. Nd5+ Kd6 53. Ne3 Ke6 54. h4 {[%emt 0:02:49] Kd5 [%clk 0:00:00] Ke4+ Ke5+ [%clk 0:00:00]} 1-0